 Dungeon Crawl Stone Soup version 0.18-a0-641-g4caf58e (webtiles) character file.

110 Proton the Shield-Bearer (level 5, -8/42 HPs)
             Began as a Formicid Fighter on Dec 5, 2015.
             Killed by divine providence
             ... invoked by an orc priest
              (14 damage)
             ... on level 4 of the Dungeon.
             The game lasted 00:04:29 (1673 turns).

Proton the Shield-Bearer (Formicid Fighter)         Turns: 1673, Time: 00:04:29

Health: -8/42      AC:  6    Str: 21    XL:     5   Next: 14%
Magic:  5/5        EV:  7    Int:  8    God:
Gold:   76         SH:  8    Dex: 10    Spells: 0 memorised, 4 levels left

rFire  . . .     SeeInvis +     a - +0 war axe
rCold  . . .     Clarity  .     b - +0 scale mail
rNeg   . . .     SustAt   .     c - +0 shield
rPois  .         Gourm    .     (helmet unavailable)
rElec  .         Spirit   .     (no cloak)
rCorr  .         Dismiss  .     (no gloves)
rMut   .         Stasis   +     (no boots)
MR     .....                    (no amulet)
Stlth  ..........               (no ring)
                                (no ring)

@: heavily drained, not resistant to hostile enchantments, extremely unstealthy
A: permanent stasis, dig shafts and tunnels, four strong arms, antennae 3
a: Dig, Shaft Self


You were on level 4 of the Dungeon.
You were hungry.

You visited 1 branch of the dungeon, and saw 4 of its levels.

You collected 76 gold pieces.

Inventory:

Hand Weapons
 a - a +0 war axe (weapon)
Armour
 b - a +0 scale mail (worn)
 c - a +0 shield (worn)
Scrolls
 i - a scroll of remove curse {unknown}
 k - 3 scrolls of identify {unknown}
 l - 2 scrolls of teleportation {unknown}
 q - a scroll of random uselessness {unknown}
Potions
 d - 2 potions of might
 f - a potion of lignification {unknown}
 h - 4 potions of curing {unknown}
 j - a potion of brilliance {unknown}
 m - a potion of resistance {unknown}
 n - 2 potions of flight {unknown}
 o - a potion of poison {unknown}
 r - a potion of haste {unknown}
Comestibles
 e - 4 bread rations
 g - a beef jerky
 p - 2 meat rations


   Skills:
 + Level 4.0(2.5) Fighting
 + Level 2.8(1.4) Axes
 + Level 4.0(2.5) Armour
 + Level 1.5(0.2) Dodging
 + Level 4.0(2.5) Shields


You had 4 spell levels left.
You didn't know any spells.

Dungeon Overview and Level Annotations

Branches:
Dungeon (4/15)             Temple (0/1) D:4

Altars:
Elyvilon

Annotations:
D:3 AlfredTheGreat's ghost, amateur DrBe
D:4 ordcoder's ghost, amateur FoCK


Innate Abilities, Weirdness & Mutations

You are under a permanent stasis effect.
You can dig through walls and to a lower floor.
Your four strong arms can wield two-handed weapons with a shield.
You have a pair of large antennae on your head (SInv).


Message History

* * * LOW HITPOINT WARNING * * *
You feel drained.
* * * LOW HITPOINT WARNING * * *
You see here a short sword.
There is a stone staircase leading down here.
You climb downwards.
A giant newt, a gnoll, an ogre and a player ghost come into view.
The gnoll shouts!
The ogre shouts!
Ordcoder's ghost turns its malevolent gaze towards you.
Found three items.
Found a staircase to the Ecumenical Temple.
There is a stone staircase leading up here. 2 gnolls and an ogre come into view.
The gnoll shouts!
The ogre shouts!
A gnoll and a skeleton come into view.
An orc priest comes into view.
The orc priest shouts!
The gnoll shouts!
The orc priest invokes the aid of Beogh against you.
Something smites you!
You die...

##.# # ####.g
#.###...g. #
.......g.### .##
#.#.#.#g?..#...##
o............Z.O.
......#..<.#
...O.!.@W..#
..>...#......#
........#..#.#
.....l#.#..#.#
...."...#..# #
#.#.#.#.....
........#.#.. .#
# .##.....


You could see an ogre, an orc priest, ordcoder's ghost, 4 gnolls, a giant newt
and a quokka skeleton.

Vanquished Creatures
  Natasha (thrice) (D:2)
  3 adders (D:2)
  An ooze (D:2)
  2 worms (D:2)
  A giant cockroach (D:2)
  3 goblins
  5 hobgoblins
  4 jackals (D:2)
  3 quokkas (D:2)
  A ball python (D:2)
  4 bats
  A giant newt (D:2)
  5 kobolds
  6 rats
42 creatures vanquished.

Notes
Turn   | Place    | Note
--------------------------------------------------------------
     0 | D:1      | Proton the Formicid Fighter began the quest for the Orb.
     0 | D:1      | Reached XP level 1. HP: 18/18 MP: 1/1
   229 | D:1      | Reached XP level 2. HP: 24/24 MP: 2/2
   370 | D:2      | Found a white marble altar of Elyvilon.
   527 | D:2      | Reached XP level 3. HP: 25/29 MP: 3/3
   616 | D:2      | Reached skill level 1 in Dodging
   901 | D:2      | Reached XP level 4. HP: 37/37 MP: 4/4
   921 | D:2      | Noticed Natasha
   929 | D:2      | Killed Natasha
   929 | D:2      | Reached skill level 4 in Fighting
   988 | D:2      | Noticed Natasha
  1006 | D:2      | Killed Natasha
  1008 | D:2      | Noticed Natasha
  1014 | D:2      | Killed Natasha
  1164 | D:2      | Reached XP level 5. HP: 28/42 MP: 5/5
  1633 | D:3      | Noticed AlfredTheGreat's ghost (amateur DrBe)
  1641 | D:3      | HP: 1/42 [AlfredTheGreat's ghost (5)]
  1671 | D:4      | Found a staircase to the Ecumenical Temple.
  1671 | D:4      | Noticed an ogre
  1671 | D:4      | Noticed ordcoder's ghost (amateur FoCK)
  1672 | D:4      | Noticed an ogre
  1673 | D:4      | Killed from afar by an orc priest

Vault maps used:
D:1:      dpeg_arrival_another_circle
D:2:      elyvilon_altar_4, uniq_natasha
D:3:      first_bread
D:4:      minmay_temple_entry_glass, serial_shops, shop, uniq_pikel, uniq_edmund

Action                   |  1- 3 |  4- 6 || total
-------------------------+-------+-------++-------
Melee: War axe           |    78 |    75 ||   153
  Eat: Royal jelly       |       |     1 ||     1
